[ AOE2 MATCH · #478494440 ]
UnrankedPoles vs Koreans
[ REPLAY ANALYSIS · EXTRACTED FROM THE RECORDED GAME ]
Feudal
13:35
Castle
26:39
Imperial
39:38
| APM avg | 17.2 |
| APM peak | 33 |
| eAPM avg | 9.2 |
| Villagers / military | 91 / 92 |
Focus
⚔️ 35.9% · 🌾 64.1%
Obuch ×66 · Bombard Cannon ×15 · Petard ×6 · Militia ×5 · Trade Cart ×2
Feudal
13:16
Castle
27:16
Imperial
—
| APM avg | 14.4 |
| APM peak | 81 |
| eAPM avg | 8.8 |
| Villagers / military | 71 / 0 |
Focus
⚔️ 10.4% · 🌾 89.6%
Trade Cart ×2
Feudal
11:19
Castle
27:19
Imperial
36:09
| APM avg | 13.7 |
| APM peak | 48 |
| eAPM avg | 10.7 |
| Villagers / military | 95 / 133 |
Focus
⚔️ 38.5% · 🌾 61.5%
Militia ×119 · Trade Cart ×32 · Trebuchet (Packed) ×14
Feudal
14:53
Castle
24:32
Imperial
—
| APM avg | 12.5 |
| APM peak | 44 |
| eAPM avg | 8.3 |
| Villagers / military | 238 / 0 |
Focus
⚔️ 6.2% · 🌾 93.8%
Trade Cart ×16
Feudal
10:59
Castle
24:54
Imperial
35:56
| APM avg | 16.7 |
| APM peak | 59 |
| eAPM avg | 13.7 |
| Villagers / military | 81 / 141 |
Focus
⚔️ 42.3% · 🌾 57.7%
Hand Cannoneer ×137 · Trade Cart ×11 · Trebuchet (Packed) ×3 · Monk ×1
Feudal
12:19
Castle
27:27
Imperial
43:58
| APM avg | 16.1 |
| APM peak | 38 |
| eAPM avg | 11.9 |
| Villagers / military | 75 / 101 |
Focus
⚔️ 29.7% · 🌾 70.3%
Skirmisher ×51 · Rattan Archer ×18 · Fire Lancer ×10 · Spearman ×8 · Bombard Cannon ×8 · Monk ×2
Match map
Initial resources + every placement click. Lines = walls · curves = elevation contours. ◆ gold · ⬟ stone · ● berries · ✦ relic · ◌ wall gap
Your base· ✓ Closed at 26:39 · 0t walls · no gate
_yeetmeoffacliff_'s base· ✓ Closed at 27:16 · 49t walls · no gate
AdxmRynar's base· ✓ Closed at 27:19 · 0t walls · no gate
gilsh's base· ✓ Closed at 24:32 · 96t walls · 1 gate(s)
The Fiddler's base· ✓ Closed at 24:54 · 85t walls · 4 gate(s)
san09230923's base· ✓ Closed at 27:27 · 9t walls · 2 gate(s)
Smoothed initial terrain · ◌ = detected wall gap · hover for details
Inputs per minute
— lKurdSta - - _yeetmeoffacliff_
Build order — lKurdSta
First 150 of 297 actions detected
| 0:06 | Build | House |
| 0:09 | Create | Villager (Male) |
| 0:09 | Create | Villager (Male) |
| 0:09 | Create | Villager (Male) |
| 0:22 | Create | Villager (Male) |
| 0:22 | Create | Villager (Male) |
| 1:15 | Research | Loom |
| 1:47 | Create | Villager (Male) |
| 2:45 | Create | Villager (Male) |
| 2:45 | Create | Villager (Male) |
| 3:04 | Create | Villager (Male) |
| 3:21 | Create | Villager (Male) |
| 3:32 | Build | House |
| 4:30 | Create | Villager (Male) |
| 4:30 | Create | Villager (Male) |
| 4:46 | Build | House |
| 5:41 | Build | Barracks |
| 5:55 | Create | Villager (Male) |
| 5:55 | Create | Villager (Male) |
| 7:16 | Create | Militia |
| 7:26 | Create | Militia |
| 7:31 | Create | Villager (Male) |
| 7:32 | Create | Villager (Male) |
| 8:02 | Build | Mill |
| 9:04 | Create | Villager (Male) |
| 10:00 | Build | Lumber Camp |
| 10:03 | Create | Villager (Male) |
| 11:25 | Research | Feudal Age |
| 12:16 | Create | Villager (Male) |
| 12:17 | Create | Villager (Male) |
| 12:20 | Create | Villager (Male) |
| 13:01 | Create | Villager (Male) |
| 13:35 | Age | Feudal Age |
| 14:25 | Build | Mill |
| 15:11 | Build | Mining Camp |
| 15:14 | Create | Villager (Male) |
| 15:14 | Create | Villager (Male) |
| 15:14 | Create | Villager (Male) |
| 15:14 | Create | Villager (Male) |
| 16:38 | Build | Watch Tower |
| 17:00 | Build | Farm |
| 17:01 | Build | Farm |
| 17:03 | Build | Farm |
| 17:04 | Build | Farm |
| 17:14 | Research | Double-Bit Axe |
| 17:36 | Create | Villager (Male) |
| 17:36 | Create | Villager (Male) |
| 18:40 | Build | Farm |
| 18:46 | Build | Farm |
| 19:08 | Build | Farm |
| 19:09 | Build | Farm |
| 19:15 | Create | Villager (Male) |
| 19:15 | Create | Villager (Male) |
| 19:15 | Create | Villager (Male) |
| 19:36 | Build | Outpost |
| 19:49 | Build | House |
| 19:50 | Build | House |
| 19:51 | Build | House |
| 19:52 | Build | House |
| 20:13 | Build | Watch Tower |
| 20:29 | Create | Villager (Male) |
| 20:29 | Create | Villager (Male) |
| 20:42 | Research | Horse Collar |
| 21:02 | Build | Market |
| 21:38 | Build | Blacksmith |
| 22:02 | Build | Mining Camp |
| 22:39 | Build | Mining Camp |
| 22:50 | Build | Farm |
| 23:04 | Build | Farm |
| 23:11 | Research | Forging |
| 23:12 | Research | Scale Mail Armor |
| 23:22 | Research | Man-at-Arms (upgrade) |
| 23:34 | Create | Villager (Male) |
| 23:34 | Create | Villager (Male) |
| 23:39 | Research | Castle Age |
| 24:12 | Build | Mining Camp |
| 24:21 | Create | Villager (Male) |
| 24:21 | Create | Villager (Male) |
| 24:22 | Create | Villager (Male) |
| 24:39 | Research | Man-at-Arms (upgrade) |
| 24:40 | Create | Militia |
| 24:40 | Create | Militia |
| 25:56 | Create | Militia |
| 26:36 | Create | Villager (Male) |
| 26:36 | Create | Villager (Male) |
| 26:39 | Age | Castle Age |
| 26:45 | Build | Town Center |
| 26:50 | Research | Bow Saw |
| 27:19 | Build | Castle |
| 28:13 | Build | Town Center |
| 28:25 | Create | Villager (Male) |
| 28:26 | Create | Villager (Male) |
| 28:26 | Create | Villager (Male) |
| 28:26 | Create | Villager (Male) |
| 29:16 | Create | Villager (Male) |
| 29:16 | Create | Villager (Male) |
| 29:17 | Create | Villager (Male) |
| 29:17 | Create | Villager (Male) |
| 29:17 | Create | Villager (Male) |
| 29:36 | Research | Chain Mail Armor |
| 29:36 | Research | Iron Casting |
| 29:41 | Create | Villager (Male) |
| 29:41 | Create | Villager (Male) |
| 29:53 | Build | Farm |
| 29:54 | Build | Farm |
| 30:16 | Build | Farm |
| 30:17 | Build | Farm |
| 30:23 | Build | Farm |
| 30:27 | Create | Villager (Male) |
| 30:27 | Create | Villager (Male) |
| 30:27 | Create | Villager (Male) |
| 30:27 | Create | Villager (Male) |
| 30:35 | Build | Farm |
| 30:50 | Build | Mill |
| 31:08 | Create | Obuch |
| 31:08 | Create | Obuch |
| 31:10 | Create | Obuch |
| 31:11 | Create | Obuch |
| 31:41 | Create | Villager (Male) |
| 31:41 | Create | Villager (Male) |
| 31:41 | Create | Villager (Male) |
| 31:42 | Create | Villager (Male) |
| 31:42 | Create | Villager (Male) |
| 31:42 | Create | Villager (Male) |
| 31:53 | Build | Farm |
| 31:54 | Build | Farm |
| 31:56 | Build | Farm |
| 31:58 | Build | Farm |
| 31:59 | Build | Farm |
| 32:20 | Create | Obuch |
| 32:20 | Create | Obuch |
| 32:20 | Create | Obuch |
| 32:31 | Create | Petard |
| 32:31 | Create | Petard |
| 32:47 | Build | Farm |
| 32:52 | Build | Farm |
| 32:57 | Build | Farm |
| 33:40 | Research | Heavy Plow |
| 33:51 | Create | Villager (Male) |
| 33:51 | Create | Villager (Male) |
| 34:39 | Create | Obuch |
| 34:39 | Create | Obuch |
| 34:39 | Create | Obuch |
| 34:39 | Create | Obuch |
| 34:41 | Create | Obuch |
| 34:42 | Create | Petard |
| 34:42 | Create | Petard |
| 36:18 | Create | Obuch |
| 36:18 | Create | Obuch |
| 36:18 | Create | Obuch |
Build order — _yeetmeoffacliff_
149 actions detected in the replay
| 0:03 | Create | Villager (Male) |
| 0:03 | Research | Loom |
| 0:04 | Create | Villager (Male) |
| 0:04 | Create | Villager (Male) |
| 0:04 | Create | Villager (Male) |
| 0:09 | Build | House |
| 0:11 | Build | House |
| 2:13 | Build | Palisade Wall |
| 2:38 | Create | Villager (Male) |
| 3:28 | Create | Villager (Male) |
| 3:29 | Create | Villager (Male) |
| 3:49 | Build | Palisade Wall |
| 4:09 | Build | Mining Camp |
| 4:23 | Create | Villager (Male) |
| 4:24 | Create | Villager (Male) |
| 5:11 | Create | Villager (Male) |
| 5:16 | Create | Villager (Male) |
| 5:21 | Build | House |
| 5:58 | Build | House |
| 5:59 | Build | House |
| 6:12 | Create | Villager (Male) |
| 7:05 | Create | Villager (Male) |
| 7:05 | Create | Villager (Male) |
| 7:37 | Create | Villager (Male) |
| 8:13 | Build | Mill |
| 8:29 | Build | Mill |
| 8:42 | Create | Villager (Male) |
| 9:14 | Create | Villager (Male) |
| 9:51 | Create | Villager (Male) |
| 9:52 | Create | Villager (Male) |
| 10:09 | Create | Villager (Male) |
| 10:38 | Create | Villager (Male) |
| 10:56 | Research | Feudal Age |
| 13:16 | Age | Feudal Age |
| 13:21 | Create | Villager (Male) |
| 13:21 | Create | Villager (Male) |
| 13:34 | Build | Lumber Camp |
| 13:39 | Create | Villager (Male) |
| 14:08 | Create | Villager (Male) |
| 14:09 | Create | Villager (Male) |
| 14:45 | Build | Watch Tower |
| 15:09 | Build | Watch Tower |
| 15:11 | Build | Watch Tower |
| 15:14 | Build | Watch Tower |
| 15:19 | Create | Villager (Male) |
| 15:23 | Research | Double-Bit Axe |
| 16:36 | Create | Villager (Male) |
| 16:36 | Create | Villager (Male) |
| 16:40 | Research | Horse Collar |
| 16:41 | Create | Villager (Male) |
| 16:42 | Research | Wheelbarrow |
| 16:55 | Build | Stone Wall |
| 17:10 | Build | Mining Camp |
| 17:44 | Build | House |
| 17:46 | Build | House |
| 17:48 | Build | House |
| 17:52 | Create | Villager (Male) |
| 18:04 | Build | Farm |
| 18:08 | Build | Farm |
| 18:25 | Research | Stone Mining |
| 18:46 | Build | Farm |
| 19:20 | Build | House |
| 19:24 | Create | Villager (Male) |
| 19:36 | Build | Blacksmith |
| 19:50 | Build | Farm |
| 20:02 | Build | Farm |
| 20:10 | Build | Farm |
| 20:25 | Build | Farm |
| 20:44 | Build | Watch Tower |
| 21:07 | Build | House |
| 21:10 | Create | Villager (Male) |
| 21:30 | Build | Watch Tower |
| 22:31 | Build | Watch Tower |
| 22:42 | Create | Villager (Male) |
| 22:49 | Build | Market |
| 22:55 | Create | Villager (Male) |
| 23:19 | Create | Villager (Male) |
| 23:25 | Build | Farm |
| 23:29 | Build | Farm |
| 23:30 | Build | Farm |
| 23:33 | Build | Farm |
| 23:50 | Create | Villager (Male) |
| 24:17 | Build | Mining Camp |
| 24:36 | Research | Castle Age |
| 24:50 | Research | Gold Mining |
| 25:09 | Research | Fletching |
| 25:33 | Create | Trade Cart |
| 25:34 | Create | Trade Cart |
| 26:09 | Research | Forging |
| 27:05 | Research | Scale Mail Armor |
| 27:16 | Age | Castle Age |
| 27:16 | Research | Gold Shaft Mining |
| 27:17 | Research | Stone Shaft Mining |
| 27:46 | Create | Villager (Male) |
| 27:46 | Create | Villager (Male) |
| 28:16 | Build | Town Center |
| 28:32 | Build | Town Center |
| 29:14 | Build | Town Center |
| 29:24 | Research | Heavy Plow |
| 29:25 | Research | Bow Saw |
| 29:27 | Build | Farm |
| 29:29 | Create | Villager (Male) |
| 29:30 | Create | Villager (Male) |
| 29:30 | Create | Villager (Male) |
| 29:38 | Research | Stone Shaft Mining |
| 29:50 | Create | Villager (Male) |
| 29:50 | Create | Villager (Male) |
| 29:50 | Create | Villager (Male) |
| 30:07 | Create | Villager (Male) |
| 30:07 | Create | Villager (Male) |
| 30:07 | Create | Villager (Male) |
| 30:46 | Build | Mining Camp |
| 31:06 | Create | Villager (Male) |
| 31:06 | Create | Villager (Male) |
| 31:07 | Create | Villager (Male) |
| 31:07 | Create | Villager (Male) |
| 31:16 | Build | Farm |
| 31:18 | Build | Farm |
| 31:20 | Build | Farm |
| 31:22 | Build | Farm |
| 31:23 | Build | Farm |
| 31:32 | Build | Farm |
| 31:35 | Build | House |
| 31:52 | Create | Villager (Male) |
| 31:52 | Create | Villager (Male) |
| 31:53 | Create | Villager (Male) |
| 31:54 | Create | Villager (Male) |
| 31:57 | Build | Farm |
| 32:08 | Build | Farm |
| 32:22 | Create | Villager (Male) |
| 32:22 | Create | Villager (Male) |
| 32:22 | Create | Villager (Male) |
| 32:25 | Create | Villager (Male) |
| 32:29 | Build | Farm |
| 32:39 | Build | Farm |
| 32:43 | Build | Farm |
| 32:47 | Create | Villager (Male) |
| 32:48 | Create | Villager (Male) |
| 32:58 | Create | Villager (Male) |
| 32:58 | Create | Villager (Male) |
| 32:58 | Create | Villager (Male) |
| 32:58 | Create | Villager (Male) |
| 33:00 | Create | Villager (Male) |
| 33:00 | Create | Villager (Male) |
| 33:43 | Research | Hand Cart |
| 33:44 | Create | Villager (Male) |
| 33:44 | Create | Villager (Male) |
| 33:53 | Create | Villager (Male) |
| 34:36 | Build | Castle |
Build order — AdxmRynar
First 150 of 369 actions detected
| 0:09 | Build | House |
| 0:11 | Create | Villager (Male) |
| 0:11 | Create | Villager (Male) |
| 0:11 | Create | Villager (Male) |
| 0:12 | Create | Villager (Male) |
| 0:12 | Create | Villager (Male) |
| 0:12 | Create | Villager (Male) |
| 0:40 | Build | House |
| 1:20 | Build | Lumber Camp |
| 2:19 | Create | Villager (Male) |
| 2:19 | Create | Villager (Male) |
| 2:20 | Create | Villager (Male) |
| 3:42 | Create | Villager (Male) |
| 3:42 | Create | Villager (Male) |
| 5:25 | Create | Villager (Male) |
| 5:26 | Create | Villager (Male) |
| 5:26 | Create | Villager (Male) |
| 5:26 | Create | Villager (Male) |
| 6:07 | Build | Mill |
| 6:57 | Build | Farm |
| 7:04 | Build | Farm |
| 7:14 | Build | Farm |
| 8:22 | Build | Farm |
| 9:09 | Research | Feudal Age |
| 9:33 | Build | House |
| 9:35 | Build | House |
| 9:39 | Build | House |
| 9:42 | Build | House |
| 11:13 | Create | Villager (Male) |
| 11:14 | Create | Villager (Male) |
| 11:14 | Create | Villager (Male) |
| 11:14 | Create | Villager (Male) |
| 11:14 | Create | Villager (Male) |
| 11:15 | Create | Villager (Male) |
| 11:15 | Create | Villager (Male) |
| 11:15 | Create | Villager (Male) |
| 11:15 | Create | Villager (Male) |
| 11:16 | Create | Villager (Male) |
| 11:16 | Create | Villager (Male) |
| 11:16 | Create | Villager (Male) |
| 11:19 | Age | Feudal Age |
| 11:32 | Research | Wheelbarrow |
| 12:41 | Research | Double-Bit Axe |
| 12:59 | Build | Market |
| 14:06 | Build | Mining Camp |
| 14:31 | Build | Mining Camp |
| 14:47 | Create | Villager (Male) |
| 14:47 | Create | Villager (Male) |
| 14:47 | Create | Villager (Male) |
| 14:48 | Create | Villager (Male) |
| 14:48 | Create | Villager (Male) |
| 14:48 | Create | Villager (Male) |
| 14:48 | Create | Villager (Male) |
| 14:49 | Create | Villager (Male) |
| 14:49 | Create | Villager (Male) |
| 14:49 | Create | Villager (Male) |
| 15:44 | Create | Villager (Male) |
| 15:45 | Create | Villager (Male) |
| 15:45 | Create | Villager (Male) |
| 15:45 | Create | Villager (Male) |
| 15:45 | Create | Villager (Male) |
| 16:45 | Build | Farm |
| 16:51 | Build | Farm |
| 16:56 | Build | Farm |
| 17:03 | Build | Farm |
| 17:11 | Build | Farm |
| 17:15 | Build | Farm |
| 17:18 | Build | Farm |
| 17:35 | Build | Farm |
| 18:17 | Build | House |
| 18:21 | Build | House |
| 18:25 | Build | House |
| 18:39 | Create | Villager (Male) |
| 18:39 | Create | Villager (Male) |
| 18:39 | Create | Villager (Male) |
| 18:40 | Create | Villager (Male) |
| 18:40 | Create | Villager (Male) |
| 18:40 | Create | Villager (Male) |
| 18:40 | Create | Villager (Male) |
| 18:40 | Create | Villager (Male) |
| 18:41 | Create | Villager (Male) |
| 18:41 | Create | Villager (Male) |
| 18:41 | Create | Villager (Male) |
| 18:41 | Create | Villager (Male) |
| 19:21 | Create | Trade Cart |
| 19:22 | Create | Trade Cart |
| 19:53 | Build | Barracks |
| 20:13 | Build | Farm |
| 20:40 | Build | Farm |
| 21:19 | Build | Farm |
| 21:24 | Build | Farm |
| 22:01 | Build | Blacksmith |
| 22:15 | Build | Mining Camp |
| 22:45 | Research | Castle Age |
| 22:57 | Research | Man-at-Arms (upgrade) |
| 23:14 | Build | Barracks |
| 24:02 | Research | Stone Mining |
| 24:02 | Research | Gold Mining |
| 24:06 | Research | Scale Mail Armor |
| 24:07 | Research | Scale Barding Armor |
| 24:45 | Build | Barracks |
| 25:11 | Create | Trade Cart |
| 25:12 | Create | Trade Cart |
| 25:12 | Create | Trade Cart |
| 25:12 | Create | Trade Cart |
| 25:32 | Create | Militia |
| 25:32 | Create | Militia |
| 25:32 | Create | Militia |
| 25:32 | Create | Militia |
| 25:33 | Create | Militia |
| 25:33 | Create | Militia |
| 25:33 | Create | Militia |
| 25:33 | Create | Militia |
| 25:33 | Create | Militia |
| 25:34 | Create | Militia |
| 25:34 | Create | Militia |
| 25:34 | Create | Militia |
| 25:34 | Create | Militia |
| 25:48 | Build | House |
| 25:50 | Build | House |
| 25:52 | Build | House |
| 25:54 | Build | House |
| 27:19 | Age | Castle Age |
| 27:43 | Build | Castle |
| 27:48 | Research | Long Swordsman (upgrade) |
| 27:50 | Research | Gambesons |
| 28:00 | Build | House |
| 28:03 | Build | House |
| 28:06 | Build | House |
| 28:09 | Build | House |
| 28:12 | Build | House |
| 28:16 | Build | House |
| 28:29 | Research | Hand Cart |
| 28:30 | Create | Villager (Male) |
| 28:30 | Create | Villager (Male) |
| 28:30 | Create | Villager (Male) |
| 28:59 | Build | Farm |
| 29:25 | Build | Lumber Camp |
| 29:34 | Research | Caravan |
| 30:01 | Build | Farm |
| 30:31 | Build | House |
| 30:36 | Build | House |
| 31:50 | Build | Town Center |
| 31:56 | Build | House |
| 32:42 | Build | Town Center |
| 32:59 | Research | Imperial Age |
| 34:18 | Build | Castle |
| 34:45 | Create | Villager (Male) |
| 34:46 | Create | Villager (Male) |
| 34:46 | Create | Villager (Male) |
Build order — gilsh
First 150 of 247 actions detected
| 0:11 | Build | House |
| 0:12 | Build | House |
| 0:15 | Research | Loom |
| 0:16 | Create | Villager (Male) ×4 |
| 2:29 | Build | Palisade Wall |
| 2:45 | Build | Palisade Wall |
| 3:39 | Create | Villager (Male) |
| 3:39 | Create | Villager (Male) |
| 3:39 | Create | Villager (Male) |
| 3:39 | Create | Villager (Male) |
| 4:29 | Create | Villager (Male) |
| 4:29 | Create | Villager (Male) |
| 4:29 | Create | Villager (Male) |
| 4:29 | Create | Villager (Male) |
| 4:43 | Build | Palisade Wall |
| 5:18 | Create | Villager (Male) |
| 5:18 | Create | Villager (Male) |
| 5:19 | Create | Villager (Male) |
| 5:39 | Create | Villager (Male) |
| 5:39 | Create | Villager (Male) |
| 6:07 | Build | House |
| 6:08 | Build | House |
| 6:14 | Create | Villager (Male) |
| 6:14 | Create | Villager (Male) |
| 6:14 | Create | Villager (Male) |
| 7:06 | Create | Villager (Male) |
| 7:06 | Create | Villager (Male) |
| 7:07 | Create | Villager (Male) |
| 7:07 | Create | Villager (Male) |
| 7:55 | Create | Villager (Male) |
| 7:55 | Create | Villager (Male) |
| 7:55 | Create | Villager (Male) |
| 7:56 | Create | Villager (Male) |
| 8:36 | Create | Villager (Male) |
| 8:37 | Create | Villager (Male) |
| 8:37 | Create | Villager (Male) |
| 8:37 | Create | Villager (Male) |
| 9:14 | Build | Lumber Camp |
| 9:17 | Create | Villager (Male) |
| 9:17 | Create | Villager (Male) |
| 9:17 | Create | Villager (Male) |
| 9:18 | Create | Villager (Male) |
| 9:18 | Create | Villager (Male) |
| 10:54 | Build | House |
| 10:55 | Build | House |
| 11:29 | Build | Mill |
| 11:32 | Create | Villager (Male) |
| 11:32 | Create | Villager (Male) |
| 11:56 | Build | House |
| 11:57 | Build | House |
| 12:43 | Research | Feudal Age |
| 14:53 | Age | Feudal Age |
| 15:13 | Build | Stone Wall |
| 15:18 | Build | Gate |
| 15:28 | Research | Double-Bit Axe |
| 15:31 | Create | Villager (Male) |
| 15:31 | Create | Villager (Male) |
| 15:31 | Create | Villager (Male) |
| 15:31 | Create | Villager (Male) |
| 15:32 | Create | Villager (Male) |
| 15:32 | Create | Villager (Male) |
| 15:41 | Build | Market |
| 15:48 | Build | Blacksmith |
| 16:55 | Build | Mill |
| 17:02 | Build | Mining Camp |
| 17:24 | Build | Stone Wall |
| 17:44 | Build | Stone Wall |
| 18:11 | Build | Farm |
| 18:11 | Build | Farm |
| 18:12 | Build | Farm |
| 18:27 | Build | Mining Camp |
| 18:37 | Create | Villager (Male) |
| 18:37 | Create | Villager (Male) |
| 18:37 | Create | Villager (Male) |
| 18:39 | Create | Villager (Male) |
| 18:40 | Create | Villager (Male) |
| 18:57 | Build | Farm |
| 18:58 | Build | Farm |
| 19:12 | Build | House |
| 19:13 | Build | House |
| 19:14 | Build | House |
| 19:15 | Build | House |
| 19:17 | Build | House |
| 19:40 | Build | Stone Wall |
| 20:29 | Build | Stone Wall |
| 20:58 | Build | Stone Wall |
| 21:52 | Research | Castle Age |
| 21:59 | Build | House |
| 22:00 | Build | House |
| 22:00 | Build | House |
| 22:07 | Create | Trade Cart |
| 22:07 | Create | Trade Cart |
| 22:58 | Research | Horse Collar |
| 23:19 | Create | Trade Cart |
| 23:41 | Build | Stone Wall |
| 23:59 | Create | Trade Cart |
| 24:32 | Age | Castle Age |
| 24:37 | Build | Town Center |
| 24:44 | Create | Villager (Male) ×5 |
| 25:07 | Build | Town Center |
| 25:38 | Build | Stone Wall |
| 25:58 | Build | Farm |
| 26:02 | Build | Farm |
| 26:08 | Research | Caravan |
| 26:30 | Create | Villager (Male) ×5 |
| 26:30 | Create | Villager (Male) ×5 |
| 26:30 | Create | Villager (Male) ×5 |
| 26:30 | Create | Villager (Male) ×5 |
| 26:46 | Build | Farm |
| 26:48 | Build | Farm |
| 26:59 | Create | Villager (Male) ×2 |
| 26:59 | Create | Villager (Male) ×2 |
| 27:06 | Build | Farm |
| 27:07 | Build | Farm |
| 27:08 | Build | Farm |
| 27:09 | Build | Farm |
| 27:10 | Build | Farm |
| 27:14 | Create | Villager (Male) |
| 27:14 | Create | Villager (Male) |
| 27:14 | Create | Villager (Male) |
| 27:31 | Build | Stone Wall |
| 27:39 | Create | Villager (Male) |
| 27:39 | Create | Villager (Male) |
| 27:49 | Build | Farm |
| 27:50 | Build | Farm |
| 27:51 | Build | Farm |
| 27:57 | Build | Farm |
| 27:58 | Build | Farm |
| 28:00 | Build | Farm |
| 28:03 | Create | Villager (Male) |
| 28:03 | Create | Villager (Male) |
| 28:03 | Create | Villager (Male) |
| 28:18 | Create | Villager (Male) ×2 |
| 28:18 | Create | Villager (Male) ×2 |
| 28:18 | Create | Villager (Male) ×2 |
| 28:30 | Build | Farm |
| 28:34 | Build | Farm |
| 28:40 | Build | Farm |
| 28:42 | Create | Villager (Male) |
| 28:42 | Create | Villager (Male) ×2 |
| 28:43 | Create | Villager (Male) ×2 |
| 28:43 | Create | Villager (Male) ×2 |
| 29:06 | Build | University |
| 29:11 | Create | Villager (Male) ×3 |
| 29:11 | Create | Villager (Male) ×3 |
| 29:19 | Build | University |
| 29:25 | Create | Villager (Male) |
| 29:25 | Create | Villager (Male) |
| 29:25 | Create | Villager (Male) ×2 |
| 29:26 | Create | Villager (Male) ×2 |
Build order — The Fiddler
First 150 of 340 actions detected
| 0:09 | Build | House |
| 0:22 | Create | Villager (Male) |
| 0:22 | Create | Villager (Male) |
| 0:22 | Create | Villager (Male) |
| 0:23 | Create | Villager (Male) |
| 0:23 | Create | Villager (Male) |
| 1:44 | Create | Villager (Male) |
| 2:18 | Build | Mining Camp |
| 2:22 | Create | Villager (Male) |
| 2:22 | Create | Villager (Male) |
| 3:23 | Build | House |
| 3:34 | Create | Villager (Male) |
| 3:34 | Create | Villager (Male) |
| 4:32 | Create | Villager (Male) |
| 4:32 | Create | Villager (Male) |
| 4:33 | Create | Villager (Male) |
| 5:01 | Build | Palisade Wall |
| 6:36 | Build | Palisade Gate |
| 7:47 | Build | Mill |
| 8:49 | Research | Feudal Age |
| 8:59 | Build | House |
| 9:41 | Build | Palisade Wall |
| 9:51 | Build | Palisade Gate |
| 10:01 | Create | Villager (Male) |
| 10:01 | Create | Villager (Male) |
| 10:18 | Build | Lumber Camp |
| 10:59 | Age | Feudal Age |
| 11:03 | Create | Villager (Male) |
| 11:03 | Create | Villager (Male) |
| 11:03 | Create | Villager (Male) |
| 12:11 | Build | Stone Wall |
| 12:17 | Build | Gate |
| 12:25 | Create | Villager (Male) |
| 12:26 | Create | Villager (Male) |
| 12:26 | Create | Villager (Male) |
| 12:36 | Build | Mining Camp |
| 13:31 | Create | Villager (Male) |
| 13:32 | Create | Villager (Male) |
| 13:43 | Create | Villager (Male) |
| 13:51 | Build | Farm |
| 13:55 | Build | Farm |
| 14:05 | Build | Farm |
| 15:04 | Create | Villager (Male) |
| 15:04 | Create | Villager (Male) |
| 15:05 | Create | Villager (Male) |
| 15:17 | Build | House |
| 15:30 | Build | Market |
| 16:24 | Create | Villager (Male) |
| 16:24 | Create | Villager (Male) |
| 16:24 | Create | Villager (Male) |
| 16:25 | Create | Villager (Male) |
| 16:44 | Build | Farm |
| 16:47 | Build | Farm |
| 16:50 | Build | Farm |
| 16:53 | Build | Farm |
| 16:56 | Build | Farm |
| 17:01 | Build | Farm |
| 18:01 | Build | House |
| 18:09 | Build | Blacksmith |
| 18:19 | Create | Villager (Male) |
| 18:19 | Create | Villager (Male) |
| 18:20 | Create | Villager (Male) |
| 18:20 | Create | Villager (Male) |
| 18:47 | Build | Watch Tower |
| 19:15 | Build | House |
| 20:02 | Build | Farm |
| 20:12 | Build | Farm |
| 20:22 | Build | Watch Tower |
| 20:32 | Create | Villager (Male) |
| 20:33 | Create | Villager (Male) |
| 22:14 | Research | Castle Age |
| 23:36 | Build | Stone Wall |
| 23:41 | Build | Stone Wall |
| 23:51 | Build | Stone Wall |
| 23:56 | Build | Gate |
| 24:11 | Create | Villager (Male) |
| 24:11 | Create | Villager (Male) |
| 24:11 | Create | Villager (Male) |
| 24:12 | Create | Villager (Male) |
| 24:12 | Create | Villager (Male) |
| 24:54 | Age | Castle Age |
| 25:03 | Build | Town Center |
| 25:05 | Create | Villager (Male) |
| 25:06 | Create | Villager (Male) |
| 25:06 | Create | Villager (Male) |
| 25:06 | Create | Villager (Male) |
| 25:07 | Create | Villager (Male) |
| 25:07 | Create | Villager (Male) |
| 25:07 | Create | Villager (Male) |
| 25:07 | Create | Villager (Male) |
| 25:08 | Create | Villager (Male) |
| 25:38 | Build | House |
| 25:41 | Build | House |
| 25:55 | Build | University |
| 26:00 | Build | Monastery |
| 26:12 | Create | Villager (Male) |
| 26:12 | Create | Villager (Male) |
| 26:12 | Create | Villager (Male) |
| 26:45 | Build | Farm |
| 27:11 | Build | Farm |
| 27:16 | Create | Trade Cart |
| 27:16 | Create | Trade Cart |
| 27:16 | Create | Trade Cart |
| 27:26 | Build | Farm |
| 28:11 | Create | Trade Cart |
| 28:18 | Research | Caravan |
| 28:41 | Create | Villager (Male) |
| 28:41 | Create | Villager (Male) |
| 28:41 | Create | Villager (Male) |
| 28:42 | Create | Villager (Male) |
| 28:42 | Create | Villager (Male) |
| 28:42 | Create | Villager (Male) |
| 29:01 | Build | Mining Camp |
| 29:17 | Build | Farm |
| 29:20 | Build | Farm |
| 29:29 | Create | Trade Cart |
| 30:00 | Build | House |
| 30:03 | Build | House |
| 30:06 | Build | House |
| 31:22 | Build | Lumber Camp |
| 31:31 | Create | Villager (Male) |
| 31:31 | Create | Villager (Male) |
| 31:37 | Build | Farm |
| 31:40 | Build | Farm |
| 32:01 | Research | Masonry |
| 32:46 | Research | Imperial Age |
| 32:55 | Build | Farm |
| 33:24 | Research | Fortified Wall (upgrade) |
| 33:54 | Build | Barracks |
| 34:03 | Build | House |
| 34:06 | Build | House |
| 34:09 | Build | House |
| 34:53 | Research | Coinage |
| 34:54 | Create | Trade Cart |
| 34:54 | Create | Trade Cart |
| 34:55 | Create | Trade Cart |
| 34:55 | Create | Trade Cart |
| 34:59 | Create | Trade Cart |
| 35:00 | Create | Trade Cart |
| 35:24 | Build | Archery Range |
| 35:56 | Build | Archery Range |
| 35:56 | Age | Imperial Age |
| 36:10 | Build | Farm |
| 36:15 | Create | Villager (Male) |
| 36:15 | Create | Villager (Male) |
| 36:16 | Create | Villager (Male) |
| 36:16 | Create | Villager (Male) |
| 36:16 | Create | Villager (Male) |
| 36:16 | Create | Villager (Male) |
| 36:16 | Create | Villager (Male) |
Build order — san09230923
First 150 of 308 actions detected
| 0:05 | Create | Villager (Male) |
| 0:06 | Create | Villager (Male) |
| 0:16 | Build | House |
| 0:38 | Create | Villager (Male) |
| 0:39 | Create | Villager (Male) |
| 1:15 | Build | Mill |
| 2:00 | Create | Villager (Male) |
| 2:00 | Create | Villager (Male) |
| 3:21 | Create | Villager (Male) |
| 3:21 | Create | Villager (Male) |
| 3:51 | Create | Villager (Male) |
| 3:52 | Create | Villager (Male) |
| 3:52 | Create | Villager (Male) |
| 3:53 | Create | Villager (Male) |
| 4:01 | Build | House |
| 5:14 | Build | House |
| 5:21 | Create | Villager (Male) |
| 5:21 | Create | Villager (Male) |
| 6:19 | Create | Villager (Male) |
| 6:19 | Create | Villager (Male) |
| 6:25 | Create | Villager (Male) |
| 6:26 | Create | Villager (Male) |
| 7:18 | Create | Villager (Male) |
| 8:00 | Build | House |
| 8:38 | Build | House |
| 8:41 | Build | House |
| 8:59 | Build | Lumber Camp |
| 9:37 | Create | Villager (Male) |
| 9:50 | Build | Mining Camp |
| 10:10 | Research | Feudal Age |
| 12:10 | Build | Barracks |
| 12:19 | Age | Feudal Age |
| 12:36 | Research | Wheelbarrow |
| 12:37 | Research | Town Watch |
| 12:39 | Research | Loom |
| 13:26 | Research | Double-Bit Axe |
| 13:29 | Research | Horse Collar |
| 13:35 | Create | Villager (Male) |
| 13:36 | Create | Villager (Male) |
| 13:36 | Create | Villager (Male) |
| 13:55 | Create | Spearman |
| 13:56 | Create | Spearman |
| 14:26 | Build | Palisade Wall |
| 14:38 | Build | Farm |
| 14:40 | Build | Farm |
| 14:41 | Build | Farm |
| 15:02 | Create | Spearman |
| 15:03 | Create | Spearman |
| 15:22 | Build | Watch Tower |
| 15:33 | Build | Mining Camp |
| 16:01 | Build | Gate |
| 17:13 | Build | Mining Camp |
| 17:22 | Create | Villager (Male) |
| 17:22 | Create | Villager (Male) |
| 17:23 | Create | Villager (Male) |
| 17:25 | Create | Villager (Male) |
| 17:26 | Create | Villager (Male) |
| 17:34 | Build | Farm |
| 17:36 | Build | Farm |
| 17:38 | Build | Farm |
| 17:59 | Create | Villager (Male) |
| 17:59 | Create | Villager (Male) |
| 17:59 | Create | Villager (Male) |
| 18:06 | Build | Farm |
| 18:07 | Build | Farm |
| 18:09 | Build | Farm |
| 18:19 | Research | Gold Mining |
| 18:25 | Create | Villager (Male) |
| 18:54 | Build | House |
| 18:57 | Build | House |
| 19:03 | Build | House |
| 19:27 | Build | House |
| 19:29 | Build | House |
| 19:34 | Build | House |
| 19:37 | Build | House |
| 19:56 | Build | Lumber Camp |
| 20:04 | Create | Villager (Male) |
| 20:40 | Build | Lumber Camp |
| 20:43 | Create | Villager (Male) |
| 20:52 | Create | Spearman |
| 20:52 | Create | Spearman |
| 20:52 | Create | Spearman |
| 20:52 | Create | Spearman |
| 21:17 | Build | House |
| 21:19 | Build | House |
| 21:22 | Build | House |
| 21:25 | Build | House |
| 21:42 | Build | Archery Range |
| 21:45 | Build | Archery Range |
| 21:49 | Build | Archery Range |
| 22:18 | Build | Farm |
| 22:19 | Build | Farm |
| 22:21 | Build | Farm |
| 22:50 | Build | Gate |
| 23:21 | Create | Skirmisher |
| 23:22 | Create | Skirmisher |
| 23:22 | Create | Skirmisher |
| 23:41 | Build | Market |
| 23:46 | Build | Stable |
| 24:26 | Build | Barracks |
| 24:47 | Research | Castle Age |
| 24:50 | Create | Trade Cart |
| 25:06 | Build | Mining Camp |
| 25:15 | Research | Stone Mining |
| 25:21 | Create | Skirmisher |
| 25:21 | Create | Skirmisher |
| 25:21 | Create | Skirmisher |
| 25:22 | Create | Skirmisher |
| 25:25 | Create | Skirmisher |
| 25:34 | Build | Mining Camp |
| 25:58 | Build | Blacksmith |
| 26:15 | Create | Skirmisher |
| 26:15 | Create | Skirmisher |
| 26:17 | Create | Skirmisher |
| 26:18 | Create | Skirmisher |
| 26:59 | Build | Watch Tower |
| 27:03 | Research | Padded Archer Armor |
| 27:09 | Research | Scale Mail Armor |
| 27:11 | Research | Fletching |
| 27:27 | Age | Castle Age |
| 27:55 | Build | Town Center |
| 28:09 | Build | Monastery |
| 28:20 | Research | Arson |
| 28:22 | Research | Squires |
| 28:24 | Research | Pikeman (upgrade) |
| 28:47 | Build | Palisade Wall |
| 28:52 | Create | Monk |
| 29:10 | Research | Stone Shaft Mining |
| 29:35 | Research | Hand Cart |
| 29:58 | Create | Villager (Male) |
| 29:59 | Create | Villager (Male) |
| 30:14 | Create | Monk |
| 31:23 | Create | Villager (Male) |
| 31:23 | Create | Villager (Male) |
| 31:41 | Build | Castle |
| 32:02 | Create | Villager (Male) |
| 32:02 | Create | Villager (Male) |
| 32:02 | Create | Villager (Male) |
| 32:07 | Research | Heavy Plow |
| 32:11 | Research | Bow Saw |
| 32:15 | Research | Elite Skirmisher (upgrade) |
| 32:20 | Create | Skirmisher |
| 32:20 | Create | Skirmisher |
| 33:09 | Create | Villager (Male) |
| 33:13 | Research | Bodkin Arrow |
| 33:39 | Create | Skirmisher |
| 33:39 | Create | Skirmisher |
| 33:41 | Create | Skirmisher |
| 33:42 | Create | Skirmisher |
| 34:02 | Build | Farm |
Match timeline
| 2:13 | _yeetmeoffacliff_ · wall_segment Palisade Wall x17 |
| 2:29 | gilsh · wall_segment Palisade Wall x13 |
| 2:45 | gilsh · wall_segment Palisade Wall x9 |
| 3:49 | _yeetmeoffacliff_ · wall_segment Palisade Wall x1 |
| 4:43 | gilsh · wall_segment Palisade Wall x1 |
| 5:01 | The Fiddler · wall_segment Palisade Wall x25 |
| 5:41 | lKurdSta · first_building Barracks |
| 9:41 | The Fiddler · wall_segment Palisade Wall x12 |
| 10:59 | The Fiddler · age_up feudal |
| 11:19 | AdxmRynar · age_up feudal |
| 12:10 | san09230923 · first_building Barracks |
| 12:11 | The Fiddler · wall_segment Stone Wall x26 |
| 12:19 | san09230923 · age_up feudal |
| 13:16 | _yeetmeoffacliff_ · age_up feudal |
| 13:35 | lKurdSta · age_up feudal |
| 14:26 | san09230923 · wall_segment Palisade Wall x9 |
| 14:53 | gilsh · age_up feudal |
| 15:13 | gilsh · wall_segment Stone Wall x8 |
| 16:55 | _yeetmeoffacliff_ · wall_segment Stone Wall x31 |
| 17:24 | gilsh · wall_segment Stone Wall x11 |
| 17:44 | gilsh · wall_segment Stone Wall x24 |
| 19:24 | AdxmRynar · first_market_buy 100 wood |
| 19:40 | gilsh · wall_segment Stone Wall x21 |
| 19:53 | AdxmRynar · first_building Barracks |
| 20:29 | gilsh · wall_segment Stone Wall x16 |
| 20:42 | The Fiddler · first_market_sell 100 wood |
| 20:49 | The Fiddler · first_market_buy 100 food |
| 20:58 | gilsh · wall_segment Stone Wall x8 |
| 21:42 | san09230923 · first_building Archery Range |
| 23:36 | The Fiddler · wall_segment Stone Wall x15 |
| 23:41 | gilsh · wall_segment Stone Wall x5 |
| 23:41 | The Fiddler · wall_segment Stone Wall x1 |
| 23:46 | san09230923 · first_building Stable |
| 23:51 | The Fiddler · wall_segment Stone Wall x8 |
| 24:32 | gilsh · age_up castle |
| 24:34 | _yeetmeoffacliff_ · first_market_sell 100 wood |
| 24:54 | The Fiddler · age_up castle |
| 25:38 | gilsh · wall_segment Stone Wall x9 |
| 26:00 | The Fiddler · first_building Monastery |
| 26:39 | lKurdSta · age_up castle |
| 27:16 | _yeetmeoffacliff_ · age_up castle |
| 27:19 | AdxmRynar · age_up castle |
| 27:19 | lKurdSta · first_building Castle |
| 27:27 | san09230923 · age_up castle |
| 27:31 | gilsh · wall_segment Stone Wall x4 |
| 27:43 | AdxmRynar · first_building Castle |
| 28:09 | san09230923 · first_building Monastery |
| 28:47 | san09230923 · wall_segment Palisade Wall x3 |
| 29:23 | _yeetmeoffacliff_ · first_market_buy 100 wood |
| 29:31 | san09230923 · first_market_buy 100 food |
| 31:00 | gilsh · wall_segment Stone Wall x1 |
| 31:19 | gilsh · wall_segment Stone Wall x10 |
| 31:41 | san09230923 · first_building Castle |
| 33:54 | The Fiddler · first_building Barracks |
| 34:36 | _yeetmeoffacliff_ · first_building Castle |
| 35:17 | san09230923 · first_building Siege Workshop |
| 35:22 | gilsh · first_building Siege Workshop |
| 35:24 | The Fiddler · first_building Archery Range |
| 35:56 | The Fiddler · age_up imperial |
| 36:09 | AdxmRynar · age_up imperial |
| 36:30 | _yeetmeoffacliff_ · resign |
| 39:38 | lKurdSta · age_up imperial |
| 40:10 | The Fiddler · first_building Castle |
| 41:18 | lKurdSta · first_building Siege Workshop |
| 43:58 | san09230923 · age_up imperial |
[ AI ANALYSIS · 1 CREDIT ]
What really happened in this match?
Wolo.gg analyzes every decision: build order, eco, micro, common mistakes by bracket. Personalized analysis on WhatsApp or Discord in 30 seconds.
Civ guide
Poles
Perfil
Jugador #12412717